Map: Tokamak LE

Players

Zoun - Winner!

  • Race: Protoss Protoss
  • League: Master
  • Spawn Location: 7:00

HeroMarine

  • Race: Terran Terran
  • Spawn Location: 1:00

Event: HomeStory Cup XXVII

VOD

Have the link to the VOD?

Description

Time

  • Played on: June 29, 2025, 8:07 a.m.
  • Length: 12:24

All games in this series

Show
View Real Time Build Order
Export as new Build Order

Zoun Protoss - Winner!

Build Orders: 1 Gate Expand, Phoenix Opening, Blink Stalkers 

Get SALT Encoding   

  12  0:00  Probe  
  13  0:12  Probe  
  14  0:17  Pylon  
  14  0:23  Probe  
  15  0:31  Probe  
  16  0:36  Gateway  
  16  0:39  Probe  
  16  0:45  Assimilator  
  17  0:51  Probe  
  18  1:03  Probe  
  19  1:15  Probe  
  20  1:23  Cybernetics Core  
  20  1:33  Nexus  
  20  1:41  Pylon  
  20  1:43  Probe  
  21  1:48  Stalker  
  21  1:51  Assimilator  
  21  1:55  Probe  
  24  2:04  Warp Gate  
  24  2:07  Probe  
  25  2:15  Phoenix  
  25  2:17  Sentry  
  25  2:19  Probe  
  28  2:31  Probe  
  29  2:38  Twilight Council  
  29  2:40  Shield Battery  
  29  2:41  Probe  
  29  2:44  Probe  
  30  2:46  Stalker  
  30  2:48  Blink  
  30  2:49  Probe  
  33  2:56  Probe  
  33  2:58  Phoenix  
  35  2:59  Probe  
  36  3:08  Probe  
  36  3:11  Gateway, Probe  
  38  3:20  Probe  
  38  3:23  Probe  
  38  3:26  Pylon  
  40  3:32  Probe  
  41  3:34  Gateway  
  41  3:36  Probe  
  42  3:43  Robotics Facility  
  42  3:44  Probe  
  42  3:47  Shield Battery  
  42  3:48  Probe  
  44  3:51  Phoenix  
  44  3:52  Stalker  
  46  3:56  Probe  
  47  4:04  Probe  
  48  4:10  Stalker  
  48  4:15  Stalker  
  48  4:16  Probe  
  53  4:20  Pylon  
  53  4:28  Probe  
  53  4:29  Assimilator  
  53  4:30  Nexus  
  54  4:36  Charge  
  54  4:38  Observer, Probe  
  56  4:40  Pylon  
  56  4:41  Probe  
  56  4:42  Pylon  
  56  4:44  Stalker  
  59  4:50  Probe  
  59  4:55  Stalker  
  59  4:57  Probe  
  62  5:02  Probe  
  62  5:04  Observer, Forge  
  64  5:07  Gateway  
  64  5:11  Gateway  
  64  5:12  Probe  
  65  5:17  Probe  
  66  5:24  Probe, Shield Battery  
  66  5:27  Robotics Bay  
  67  5:29  Probe  
  67  5:31  Observer  
  69  5:36  Probe  
  69  5:39  Pylon  
  69  5:41  Immortal, Probe  
  75  5:50  Probe x2, Stalker  
  75  5:53  Probe  
  80  6:00  Stalker  
  80  6:03  Stalker  
  81  6:08  Probe, Stalker  
  81  6:09  Zealot  
  86  6:12  Probe  
  86  6:17  Zealot  
  89  6:22  Probe  
  90  6:25  Zealot  
  90  6:26  Pylon  
  90  6:27  Zealot  
  90  6:28  Extended Thermal Lance  
  90  6:30  Protoss Ground Weapons Level 1  
  94  6:33  Probe  
  94  6:35  Probe  
  94  6:36  Probe  
  94  6:38  Observer  
  97  6:43  Pylon  
  97  6:48  Nexus  
  97  6:49  Pylon  
  97  6:51  Colossus  
  93  6:59  Observer  
  93  7:01  Probe x3  
  96  7:05  Gateway x3  
  101  7:12  Shield Battery  
  101  7:13  Probe x3, Photon Cannon  
  104  7:16  Photon Cannon  
  104  7:19  Observer  
  104  7:23  Zealot x4  
  104  7:28  Colossus  
  107  7:33  Probe  
  108  7:38  Zealot  
  108  7:41  Gateway  
  108  7:43  Pylon x2  
  110  7:44  Probe x2  
  110  7:45  Probe  
  110  7:48  Zealot x2  
  110  7:50  Protoss Ground Weapons Level 2  
  123  7:51  Pylon  
  123  7:53  Forge  
  123  7:57  Observer  
  123  7:59  Protoss Ground Armor Level 1  
  123  8:05  Gateway  
  123  8:08  Gateway  
  123  8:11  Warp Prism  
  123  8:24  Stalker x2  
  129  8:27  Pylon  
  129  8:28  Pylon  
  127  8:35  Pylon  
  127  8:36  Nexus  
  127  8:37  Pylon  
  127  8:38  Probe x2  
  127  8:39  Probe x2  
  129  8:42  Zealot x5  
  139  8:50  Disruptor  
  139  8:51  Robotics Facility  
  143  8:57  Stalker, Zealot x2  
  143  9:02  Zealot x5  
  159  9:12  Zealot  
  161  9:18  Shield Battery, Zealot x3  
  161  9:21  Photon Cannon  
  167  9:27  Dark Shrine  
  167  9:28  Probe x3  
  167  9:29  Protoss Ground Armor Level 2  
  166  9:34  Immortal  
  166  9:37  Observer  
  162  9:39  Zealot x7  
  162  9:40  Zealot x3  
  162  9:43  Observer  
  187  9:50  Probe x2, Zealot  
  187  9:51  Probe  
  190  10:07  Assimilator x2  
  190  10:13  Zealot x5  
  200  10:19  Nexus  
  192  10:37  Pylon, Zealot x4  
  200  10:44  Shadow Stride  
  200  10:48  Gateway  
  200  10:50  Gateway x2  
  200  10:52  Gateway  
  174  11:05  Zealot x11  
  174  11:06  Disruptor x2  
  158  11:25  Stalker x7  
  166  11:26  Zealot x3  
  166  11:27  Zealot  
  180  11:39  Shield Battery  
  176  11:48  Zealot x6  
  176  11:49  Zealot x5  
  176  11:51  Nexus, Zealot  
  176  11:54  Pylon  
  178  12:04  Zealot x3  
  170  12:10  Zealot x11  
Show
View Real Time Build Order
Export as new Build Order

HeroMarine Terran 

Build Orders: Cyclone Opening 

Get SALT Encoding   

  12  0:00  SCV  
  13  0:12  SCV  
  14  0:16  Supply Depot  
  14  0:24  SCV  
  15  0:38  Barracks, SCV  
  15  0:42  Refinery  
  16  0:50  SCV  
  17  1:02  SCV  
  18  1:14  SCV  
  20  1:26  Orbital Command  
  20  1:41  Marine  
  20  1:43  Command Center  
  20  1:51  Factory  
  20  1:53  SCV  
  21  2:00  Refinery  
  21  2:01  Barracks Reactor  
  21  2:05  SCV  
  22  2:10  Supply Depot  
  22  2:17  SCV  
  23  2:31  SCV  
  23  2:35  Factory Tech Lab  
  23  2:36  Starport  
  24  2:37  Marine  
  24  2:38  Marine  
  24  2:43  SCV  
  27  2:54  Cyclone  
  27  2:55  SCV  
  27  2:56  Marine x2  
  33  3:06  Supply Depot  
  33  3:07  SCV  
  33  3:11  Orbital Command  
  35  3:20  SCV, Medivac  
  35  3:23  Marine  
  35  3:24  Marine  
  39  3:30  Refinery  
  39  3:32  SCV  
  40  3:35  Siege Tank  
  43  3:41  Marine x2  
  43  3:43  SCV  
  43  3:45  SCV  
  47  3:51  Starport Tech Lab, Supply Depot  
  47  3:55  SCV  
  48  3:57  SCV  
  48  3:59  Marine x2  
  51  4:11  SCV x2  
  51  4:13  Cloaking Field, Banshee  
  53  4:17  Marine x2  
  55  4:26  SCV x2  
  55  4:27  Siege Tank  
  55  4:31  Supply Depot x2  
  60  4:35  Marine x2  
  62  4:43  Barracks  
  63  4:52  SCV  
  63  4:53  SCV  
  63  4:54  Marine x2  
  63  4:57  Banshee  
  63  4:59  Siege Tank  
  72  5:02  Supply Depot  
  72  5:05  SCV x2  
  74  5:11  Barracks, Marine  
  74  5:12  Marine  
  76  5:17  SCV x2  
  78  5:21  Engineering Bay  
  78  5:28  Supply Depot  
  78  5:29  SCV x2  
  78  5:31  Siege Tank  
  78  5:34  Marine  
  78  5:35  Marine x2  
  86  5:41  SCV x2  
  82  5:51  Raven  
  82  5:52  Marine x2  
  82  5:53  Marine, SCV x2  
  89  5:59  Marine  
  90  6:05  SCV  
  90  6:06  Terran Infantry Weapons Level 1, SCV  
  90  6:09  Refinery  
  90  6:10  Marine x2  
  91  6:17  Marine, SCV  
  91  6:18  SCV  
  91  6:22  Siege Tank  
  93  6:28  Marine  
  93  6:31  Command Center  
  94  6:38  Stimpack  
  94  6:39  Marauder, Marine  
  96  6:41  Starport Reactor  
  96  6:46  Marine  
  95  6:47  Barracks x2  
  95  6:50  SCV x2  
  93  6:57  Marine  
  93  7:00  Marauder  
  96  7:02  SCV x2  
  96  7:04  Factory Reactor, Marine  
  96  7:06  Marauder  
  96  7:07  Combat Shield  
  101  7:14  SCV x2  
  101  7:15  Supply Depot  
  103  7:17  Supply Depot  
  103  7:21  Marauder, Medivac x2  
  109  7:24  Marine  
  110  7:31  SCV x2  
  110  7:33  Missile Turret  
  111  7:37  Marauder  
  111  7:38  Barracks Reactor  
  111  7:39  Marine x2  
  111  7:43  SCV x2  
  115  7:47  Marauder, Widow Mine x2  
  121  7:53  Medivac x2  
  121  7:54  Sensor Tower  
  121  7:55  SCV x2  
  127  8:00  Marauder  
  127  8:02  Terran Infantry Armor Level 1  
  127  8:03  Barracks Tech Lab  
  129  8:06  Orbital Command  
  129  8:08  Marauder, SCV  
  129  8:09  SCV  
  133  8:13  Widow Mine x2  
  133  8:18  Missile Turret  
  136  8:22  Marauder  
  136  8:24  Marine  
  136  8:25  Refinery x2  
  136  8:27  Marine x2  
  141  8:33  Supply Depot  
  141  8:34  Supply Depot  
  141  8:37  Marauder x2, Medivac x2  
  149  8:43  Engineering Bay, Armory  
  149  8:55  Marine, Widow Mine x2  
  154  8:59  Command Center  
  154  9:03  Ghost Academy  
  154  9:07  Viking x2  
  154  9:08  Marauder  
  154  9:09  Marauder  
  162  9:11  Marauder  
  162  9:17  Concussive Shells  
  162  9:28  SCV  
  162  9:29  SCV x2  
  164  9:33  Starport  
  164  9:35  Terran Infantry Weapons Level 2, Supply Depot  
  164  9:36  Supply Depot, Terran Ship Weapons Level 1  
  164  9:37  Viking x2  
  171  9:44  Marauder x3  
  167  9:58  Bunker  
  167  9:59  Terran Infantry Armor Level 2  
  167  10:05  Ghost, Barracks x2  
  167  10:06  Ghost  
  167  10:07  Barracks  
  173  10:08  Missile Turret  
  173  10:09  Ghost  
  173  10:11  SCV  
  173  10:13  Missile Turret, SCV  
  178  10:15  SCV  
  178  10:18  Missile Turret  
  172  10:32  SCV x2  
  172  10:33  SCV  
  172  10:34  Sensor Tower  
  173  10:44  SCV  
  173  10:45  SCV x2  
  173  10:48  Ghost x3  
  185  10:50  Missile Turret  
  185  10:55  Marine x2  
  185  10:56  SCV  
  161  11:11  Command Center  
  161  11:15  Viking  
  161  11:17  Marauder, Viking x2  
  161  11:18  Marauder x2  
  164  11:22  Viking  
  166  11:29  Fusion Core  
  166  11:34  Barracks Tech Lab  
  166  11:35  Barracks Tech Lab x2  
  166  11:39  Marauder, Marine x5  
  173  11:45  Viking  
  171  11:47  Viking  
  171  11:50  Supply Depot  
  171  11:51  Supply Depot  
  171  11:53  Viking  
  171  11:54  Viking  
Tags
 
Add a new tag
Caveats
  • Supply blocks, unpowered buildings, or Contaminate may cause inaccurate times.
  • Supply counts are checked every 10 seconds.